 Dungeon Crawl Stone Soup version 0.30-a0-1082-g70414cbcbb (webtiles) character file.

Game seed: 3525285497900127765

253 gelatine the Covered (level 5, -1/41 HPs)
             Began as a Demonspawn Fighter on Apr 15, 2023.
             Slain by an orc priest
             ... wielding a +0 flail
              (2 damage)
             ... on level 3 of the Dungeon.
             The game lasted 00:06:54 (2389 turns).

gelatine the Covered (Demonspawn Fighter)           Turns: 2389, Time: 00:06:56

Health: -1/41      AC:  6    Str: 18    XL:     5   Next: 90%
Magic:  6/6        EV: 10    Int:  9    God:
Gold:   115        SH:  5    Dex: 13    Spells: 6/6 levels left

rFire   . . .      SeeInvis .    a - +0 war axe
rCold   . . .      Faith    .    c - +1 buckler
rNeg    . . .      Spirit   .    l - +0 ring mail
rPois   .          Reflect  .    g - +0 helmet
rElec   .          Rampage  .    (no cloak)
rCorr   .                        (no gloves)
Will    .....                    (no boots)
Stlth   +                        (no amulet)
HPRegen 0.26/turn                (no ring)
MPRegen 0.10/turn                (no ring)

@: no status effects
A: demonic guardian 1
a: no special abilities


You were on level 3 of the Dungeon.
You visited 1 branch of the dungeon, and saw 4 of its levels.

You collected 115 gold pieces.

Inventory:

Hand Weapons
 a - a +0 war axe (weapon)
Missiles
 h - 8 boomerangs (quivered)
Armour
 b - a +0 scale mail
 c - a +1 buckler (worn)
 g - a +0 helmet (worn)
 l - a +0 ring mail (worn)
Jewellery
 f - an amulet of faith
Scrolls
 d - a scroll of enchant armour
 e - a scroll of fear {unknown}
 i - a scroll of noise {unknown}
 j - a scroll of butterflies {unknown}
 k - a scroll of fog {unknown}
 n - a scroll of blinking {unknown}
 o - a scroll of immolation {unknown}
 q - a scroll of enchant weapon {unknown}
Potions
 m - a potion of magic
 r - a potion of haste {unknown}


   Skills:
 * Level 3.5 Fighting
 * Level 3.4 Axes
 * Level 0.9 Throwing
 * Level 3.6 Armour
 * Level 1.0 Dodging
 * Level 1.2 Stealth
 * Level 3.2 Shields
 * Level 1.2 Spellcasting


You had 6 spell levels left.
You didn't know any spells.
Your spell library was empty.

Dungeon Overview and Level Annotations

Branches:
Dungeon (4/15)
 Temple: D:4-7

Altars:
Ashenzari

Annotations:
D:3 Natasha


Innate Abilities, Weirdness & Mutations

A weak demonic guardian rushes to your aid.


Message History

There is a stone staircase leading up here.
You climb upwards.
Level annotation: Natasha The orc priest calls down the wrath of Beogh upon you.
Pain shoots through your body!
A demonic guardian appears!
There is a stone staircase leading down here.
The orc shouts!
You block the orc wizard's attack.
The orc priest hits you with a +0 flail!
Items here: ) [[ †.
You hit the orc wizard.
The orc wizard is moderately wounded.
You hit the orc priest.
The orc priest invokes the aid of Beogh against you.
Pain shoots through your body! You block the orc wizard's attack.
You hit the orc wizard.
The orc wizard is moderately wounded.
You hit the orc priest.
The orc priest hits you but does no damage.
The orc hits your iron imp but does no damage.
Your iron imp barely misses the orc.
The orc shouts!
You hear a shout!
The orc wizard hits you with a +3 dagger of pain.
The orc priest calls down the wrath of Beogh upon you.
Beogh smites you!
* * * LOW HITPOINT WARNING * * *
The orc misses you. You block the orc's attack.
You closely miss the orc priest.
The orc priest is moderately wounded.
You hit the orc. You hit the orc wizard. You hit the orc.
You block the orc wizard's attack.
The orc priest hits you with a +0 flail.
* * * LOW HITPOINT WARNING * * *
The orc hits you but does no damage. The orc closely misses you.
Your iron imp hits the orc.
The orc dies!
The orc hits you with a +0 hand axe.
* * * LOW HITPOINT WARNING * * *
The orc priest hits you with a +0 flail.
You die...

#. #. #####+##### #.
#..........#########
#.##..........#........
#.............#........
#.............#........
#...>.........+........
##...[o....... #.)>....
##..5o@###### #.$.....
#....)oo# #.......
#.#####'# #.......
###.# .. #.......
##...# ... #.......
#..### ...######..^....
#.## ...#............
#.# .♣.######....<..
#.# #####...


You could see an orc priest, an orc wizard, 2 orcs and a friendly iron imp
(summoned).

Vanquished Creatures
  An orc priest (D:3)
  Terence (D:3)
  2 orc wizards (D:3)
  Robin (D:3)
  5 adders
  A worm (D:2)
  2 dart slugs (D:1)
  2 orcs
  4 bats
  8 endoplasms
  A giant cockroach (D:2)
  9 goblins
  9 hobgoblins
  7 jackals
  7 kobolds
  2 quokkas
  3 ball pythons
  6 frilled lizards
  7 rats
78 creatures vanquished.

Vanquished Creatures (collateral kills)
  4 orcs (D:3)
  A bat (D:3)
  A goblin (D:3)
6 creatures vanquished.

Grand Total: 84 creatures vanquished

Notes
Turn   | Place    | Note
-------+----------+-------------------------------------------
     0 | D:1      | gelatine the Demonspawn Fighter began the quest for the
                  | Orb.
     0 | D:1      | Reached XP level 1. HP: 18/18 MP: 1/1
   265 | D:1      | Gained mutation: A weak demonic guardian rushes to your
                  | aid. [demonic ancestry]
   265 | D:1      | Reached XP level 2. HP: 24/24 MP: 2/2
   595 | D:1      | Reached XP level 3. HP: 29/29 MP: 3/3
   971 | D:2      | Found a broken altar of Ashenzari.
   980 | D:2      | Reached XP level 4. HP: 29/35 MP: 4/4
  1659 | D:3      | Noticed Terence
  1668 | D:3      | Killed Terence
  1768 | D:3      | Noticed Robin
  1776 | D:3      | Killed Robin
  1779 | D:3      | Reached XP level 5. HP: 32/41 MP: 6/6
  1782 | D:3      | Reached skill level 1 in Spellcasting
  2003 | D:3      | Reached skill level 1 in Stealth
  2229 | D:3      | You fall into a shaft and drop 1 floor!
  2260 | D:3      | Noticed Natasha
  2269 | D:3      | Reached skill level 1 in Dodging
  2389 | D:3      | HP: 1/41 [orc/+0 hand axe (5)]
  2389 | D:3      | Slain by an orc priest

Illustrated notes

Levels and vault maps discovered:
D:1:      dpeg_arrival_round_c, layout_basic, minmay_tetromino_s4
D:2:      layout_rooms, basic_altar, nicolae_concentric_dashed_squares_wild,
          patterned_corridor
D:3:      layout_basic, grunt_ministairs_14, mrwooster_statue_mirror,
          hangedman_abyss_or_decor_lesser_grid, chequers_serial_rivers_micro_d,
          kennysheep_minor_cross, uniq_natasha, uniq_robin, uniq_terence
D:4:      layout_rooms, mainiacjoe_overflow_six_doors_small,
          minmay_shop_grid_forest, minmay_mini_jars, uniq_edmund

Skill      XL: |  1  2  3  4  5 |
---------------+----------------+-----
Axes           | 2 3 |  3.4
Armour         | 3 |  3.6
Shields        | 3 |  3.2
Spellcasting   | 1 |  1.2
Stealth        | 1 |  1.2
Dodging        | 1 |  1.0
Fighting       | |  3.5
Throwing       | |  0.9

Action                     |  1- 3 |  4- 6 || total
---------------------------+-------+-------++-------
  Melee: War axe           |    85 |   122 ||   207
  Throw: Boomerang         |     9 |     8 ||    17
    Use: Scroll            |       |     5 ||     5
         Potion            |       |     4 ||     4
 Armour: Scale mail        |    32 |       ||    32
         Ring mail         |     8 |    76 ||    84
  Dodge: Dodged            |    49 |    73 ||   122
  Block: Buckler           |    16 |    42 ||    58

Table legend: (Time is in decaauts)
 A = Elapsed time spent in this place.
 B = Non-inter-level travel time spent in this place.
 C = Inter-level travel time spent in this place.
 D = Time resting spent in this place.
 E = Time spent auto-exploring this place.
 F = Levels seen in this place.
 G = Mean time per level.
                   A        B        C        D        E       F      G
               +--------+--------+--------+--------+--------+-----+--------+
         Total |   2478 |   2428 |     50 |      0 |   1800 |   4 |  619.5 |
       Dungeon |   2478 |   2428 |     50 |      0 |   1800 |   4 |  619.5 |
               +--------+--------+--------+--------+--------+-----+--------+

Top non-repeatable levels by time:
     D:1: 871 daAuts
     D:3: 788 daAuts
     D:2: 729 daAuts
     D:4: 89 daAuts
